 Dungeon Crawl Stone Soup version 0.21-a0-1-gaf3b9a5 (webtiles) character file.

25 Gorglomux the Sneak (level 2, -1/28 HPs)
             Began as a Troll Assassin on May 20, 2017.
             Slain by a gnoll
             ... wielding a +0 spear
              (10 damage)
             ... on level 2 of the Dungeon.
             The game lasted 00:00:48 (440 turns).

Gorglomux the Sneak (Troll Assassin)                 Turns: 440, Time: 00:00:48

Health: -1/28      AC:  6    Str: 18    XL:     2   Next: 82%
Magic:  1/1        EV:  9    Int:  7    God:
Gold:   18         SH:  0    Dex: 11    Spells: 1/1 levels left

rFire    . . .     SeeInvis .     - Unarmed
rCold    . . .     Gourm    +   (no shield)
rNeg     . . .     Faith    .   c - +0 robe
rPois    .         Spirit   .   (helmet restricted)
rElec    .         Reflect  .   d - +0 cloak
rCorr    .         Harm     .   (gloves unavailable)
MR       .....                  (boots unavailable)
Stlth    ++........             (no amulet)
Regen    0.5/turn               (no ring)
MPRegen  0.1/turn               (no ring)

@: no status effects
A: unfitting armour, claws 3, fast metabolism 3, gourmand, regeneration 1,
shaggy fur 1, tough skin 2
a: no special abilities


You were on level 2 of the Dungeon.
You were not hungry.

You visited 1 branch of the dungeon, and saw 2 of its levels.

You collected 18 gold pieces.

Inventory:

Hand Weapons
 b - a +0 blowgun
 j - a +0 hunting sling
   (You found it on level 1 of the Dungeon)
 p - a +0 club
   (You found it on level 1 of the Dungeon)
Missiles
 e - 8 poisoned needles
 f - 2 curare-tipped needles
Armour
 c - a +0 robe (worn)
 d - a +0 cloak (worn)
Scrolls
 i - a scroll of magic mapping {unknown}
 k - a scroll of fog {unknown}
 l - a scroll of remove curse {unknown}
 o - a scroll of fear {unknown}
 q - a scroll of identify {unknown}
Potions
 m - 2 potions of curing {unknown}
 n - a potion of invisibility {unknown}
Comestibles
 a - a meat ration {@e2}
 g - 3 bread rations {@e1}
 h - a fruit


   Skills:
 + Level 2.0 Fighting
   Level 1.6 Short Blades
 - Level 1.7 Throwing
 - Level 0.7 Dodging
 - Level 2.1 Stealth
 * Level 2.0 Unarmed Combat


You had one spell level left.
You didn't know any spells.

Dungeon Overview and Level Annotations

Branches:
Dungeon (2/15)

Altars:


Innate Abilities, Weirdness & Mutations

You are too large for most types of armour.
You have claws for hands.
Your metabolism is lightning-fast.
You like to eat raw meat.
Your natural rate of healing is unusually fast.
You are covered in fur. (AC +1)
You have very tough skin. (AC +2)


Message History

A hobgoblin is nearby!
A hobgoblin is nearby!
A rat comes into view.
The hobgoblin shouts!
You see here 13 gold pieces.
Unknown command.
There are monsters nearby!
Unknown command.
There are monsters nearby!
The hobgoblin closely misses you.
You closely miss the hobgoblin. The hobgoblin hits you.
You claw the hobgoblin!
You kill the hobgoblin!
The rat bites you.
You scratch the rat.
You kill the rat!
Unknown command.
No target in view!
No target in view!
You see here a rat corpse.
You butcher the rat corpse.
m - a chunk of flesh {@w0} You see here a rat skeleton.
Eating a chunk of flesh {@w0}.
You eat the chunk of flesh {@w0}.
This raw flesh tastes great.
You now have 13 gold pieces.
m - 2 yellow potions
n - an inky potion
o - a scroll labeled OMUOSO QYFESH
p - a club No target in view!
A hobgoblin comes into view.
Unknown command.
A hobgoblin is nearby!
Unknown command.
A hobgoblin is nearby!
Unknown command.
The hobgoblin shouts!
A hobgoblin is nearby!
Unknown command.
You claw the hobgoblin!
You kill the hobgoblin!
You now have 18 gold pieces (gained 5).
Done exploring.
Unknown command.
No target in view!
Unknown command.
No target in view!
Done exploring.
No target in view!
Unknown command.
No target in view!
Unknown command.
Done exploring.
No target in view!
Unknown command.
Done exploring.
No target in view!
(D) Dungeon
Where to? (? - help)
There is a stone staircase leading down here.
You climb downwards.
There is a stone staircase leading up here.
No target in view!
q - a scroll labeled QEBYFF ONOIPN Unknown command.
No target in view!
A gnoll comes into view. It is wielding a halberd.
Unknown command.
A gnoll is nearby!
Unknown command.
A gnoll is nearby!
A gnoll comes into view. It is wielding a spear.
Unknown command.
A gnoll comes into view. It is wielding a halberd.
Found a stone staircase leading up.
The gnoll shouts!
The gnoll hits you but does no damage.
Unknown command.
The gnoll closely misses you. The gnoll hits you but does no damage.
An adder comes into view.
The gnoll shouts!
The adder hisses angrily.
You claw the gnoll! The gnoll misses you.
A giant cockroach comes into view.
You claw the gnoll!
You kill the gnoll!
Your Fighting skill increases to level 2!
Your Unarmed Combat skill increases to level 2!
The gnoll hits you from afar with a spear.
The gnoll closely misses you. The adder bites you but does no damage.
You see here a halberd.
You scratch the adder. The adder bites you but does no damage.
The gnoll hits you from afar with a halberd.
The gnoll hits you with a spear.
You are too injured to fight recklessly!
The gnoll hits you from afar with a halberd.
The adder closely misses you. The gnoll closely misses you.
The gnoll hits you from afar with a spear!
You die...

. ##. ... ##.###
#. ##..<..
#$##..#.###.
#.##s#......
#.###.##Sg..####
.......@.g......
#.###......#####
##.#.......##
####..#.......#
.....##......##
#.........#
#.##....#.....
#......##.####
###.###### .#


You could see 2 gnolls, an adder and a giant cockroach.

Vanquished Creatures
  A gnoll (D:2)
  A dart slug (D:1)
  A leopard gecko (D:1)
  A goblin (D:1)
  3 hobgoblins (D:1)
  A kobold (D:1)
  2 bats (D:1)
  2 rats (D:1)
12 creatures vanquished.

Notes
Turn   | Place    | Note
-------+----------+-------------------------------------------
     0 | D:1      | Gorglomux the Troll Assassin began the quest for the Orb.
     0 | D:1      | Reached XP level 1. HP: 19/19 MP: 0/0
   115 | D:1      | Reached skill level 1 in Unarmed Combat
   152 | D:1      | Reached XP level 2. HP: 23/28 MP: 1/1
   436 | D:2      | Reached skill level 2 in Fighting
   436 | D:2      | Reached skill level 2 in Unarmed Combat
   440 | D:2      | Slain by a gnoll

Vault maps used:
D:1:      minmay_arrival_three_doors, minmay_misc_feat_chi, eino_curves_04
D:2:      led_sif_pool, grunt_ministairs_1, minmay_tetromino_i2, uniq_robin

Skill      XL: |  1  2 |
---------------+-------+-----
Unarmed Combat | 1 2 |  2.0
Fighting       | 2 |  2.0
Short Blades   | |  1.6
Throwing       | |  1.7
Dodging        | |  0.7
Stealth        | |  2.1

Action                   || total
-------------------------++-------
Melee: Unarmed           ||    34
       Dagger            ||     6
 Stab: Sleeping          ||     2
  Eat: Chunk             ||     3
Armor: Robe              ||    21
Dodge: Dodged            ||    26

Vault maps used:
D:1:      minmay_arrival_three_doors, minmay_misc_feat_chi, eino_curves_04
D:2:      led_sif_pool, grunt_ministairs_1, minmay_tetromino_i2, uniq_robin

Table legend:
 A = Turns spent in this place as a percentage of turns spent in the entire game.
 B = Non-inter-level travel turns spent in this place as a percentage of non-inter-level travel turns spent in the entire game.
 C = Inter-level travel turns spent in this place as a percentage of turns spent in this place.
 D = Turns resting spent in this place as a percentage of non-inter-level travel turns spent in this place.
 E = Turns spent auto-exploring this place as a percentage of non-inter-level travel turns spent in this place.
 F = Non-inter-level travel turns spent in this place divided by the number of levels of this place that you've seen.
                   A       B       C       D       E      F
               +-------+-------+-------+-------+-------+----------------------
         Total | 100.0 | 100.0 |   0.5 |   0.0 |   9.9 | 106.5
       Dungeon | 100.0 | 100.0 |   0.5 |   0.0 |   9.9 | 106.5
               +-------+-------+-------+-------+-------+----------------------

Table legend:
 A = Kills in this place as a percentage of kills in entire the game.
 B = Kills by you in this place as a percentage of kills by you in the entire game.
 C = Kills by friends in this place as a percentage of kills by friends in the entire game.
 D = Other kills in this place as a percentage of other kills in the entire game.
 E = Experience gained in this place as a percentage of experience gained in the entire game.
 F = Experience gained in this place divided by the number of levels of this place that you have seen.
                   A       B       C       D       E      F
               +-------+-------+-------+-------+-------+----------------------
         Total | 100.0 | 100.0 |  -nan |  -nan | 100.0 |  18.0
       Dungeon | 100.0 | 100.0 |  -nan |  -nan | 100.0 |  18.0
               +-------+-------+-------+-------+-------+----------------------
